 Dungeon Crawl Stone Soup version 0.31.0-11-ge490571c62 (webtiles) character file.

Game seed: 9923503273246846029

81 qw the Shooter (level 4, -1/25 HPs)
             Began as a Deep Elf Hunter on Feb 3, 2024.
             Slain by a gnoll
             ... wielding a +0 flail
              (12 damage)
             ... on level 3 of the Dungeon.
             The game lasted 00:00:05 (1798 turns).

qw the Shooter (Deep Elf Hunter)                    Turns: 1798, Time: 00:00:06

Health: -1/25      AC:  3    Str: 10    XL:     4   Next: 19%
Magic:  6/6        EV: 12    Int: 14    God:
Gold:   88         SH:  0    Dex: 18    Spells: 3/3 levels left

rFire   . . .        a - +1 shortbow
rCold   . . .        (shield currently unavailable)
rNeg    . . .        c - +0 leather armour
rPois   .            (no helmet)
rElec   .            (no cloak)
rCorr   .            (no gloves)
SInv    .            (no boots)
Will    .....        (no amulet)
Stlth   ++           (no ring)
HPRegen 0.24/turn    (no ring)
MPRegen 0.10/turn

%: no passive effects
@: brilliant
A: no striking features
a: no special abilities


You were on level 3 of the Dungeon.
You visited 1 branch of the dungeon, and saw 3 of its levels.

You collected 88 gold pieces.


   Skills:
 - Level 1.5 Fighting
 + Level 7.6 Ranged Weapons
 - Level 2.4 Dodging
 - Level 1.2 Stealth


You had 3 spell levels left.
You didn't know any spells.
Your spell library was empty.

Inventory:

Hand Weapons
 a - a +1 shortbow (weapon)
Armour
 c - a +0 leather armour (worn)
Scrolls
 b - a scroll of teleportation
Potions
 d - a potion of heal wounds
 f - a potion of cancellation
 h - a potion of might {unknown}
 j - a potion of curing {unknown}

Dungeon Overview and Level Annotations

Branches:
Dungeon (3/15)

Altars:

Shops:
D:1 ?

Annotations:
D:1 2 transporters


Message History

What level of the Dungeon? (default 2, ? - help)
You open the door.
There is an open door here.
There is a stone staircase leading down here.
You climb downwards.
There is a stone staircase leading up here.
A hobgoblin is nearby!
Waypoint 2 assigned to D:3.
You shoot an arrow. The arrow hits the hobgoblin!
You kill the hobgoblin! 2 gnolls come into view.
A gnoll is wielding a +0 flail and quivering 2 throwing nets.
The gnoll shouts!
You hear a shout!
The gnoll throws a throwing net.
The throwing net hits you.
You become entangled in the net!
You see here a throwing net.
You struggle against the net.
You struggle against the net.
A gnoll comes into view. It is wielding a +0 spear.
You struggle against the net.
The gnoll shouts!
You rip the net and break free!
The gnoll throws a throwing net.
The throwing net barely misses you.
You shoot an arrow. The arrow hits the gnoll.
The gnoll is lightly wounded.
You shoot an arrow. The arrow completely misses the gnoll.
You shoot an arrow.
The arrow hits the gnoll but does no damage.
The gnoll is lightly wounded.
A gnoll comes into view. It is wielding a +0 whip.
The gnoll hits you with a +0 flail.
You shoot an arrow. The gnoll shouts!
The arrow hits the gnoll.
The gnoll is heavily wounded.
The gnoll misses you. The gnoll closely misses you.
You shoot an arrow. The arrow hits the gnoll!
You kill the gnoll!
The gnoll hits you from afar with a +0 spear!
The gnoll hits you with a +0 flail!
You die...

### #. #<# #.
#.# #g #.# #.
#.# #. #.#
#g##.#
..####g)..#.#
.....!.@....#
..###########


You could see 3 gnolls.

Vanquished Creatures
  A hound (D:2)
  A gnoll (D:3)
  An adder (D:2)
  3 ball pythons
  6 bats
  5 endoplasms
  3 giant cockroaches
  2 goblins (D:1)
  3 hobgoblins
  2 quokkas
  5 frilled lizards
  3 kobolds
  6 rats (D:1)
41 creatures vanquished.

Notes
Turn   | Place    | Note
-------+----------+-------------------------------------------
     0 | D:1      | qw the Deep Elf Hunter began the quest for the Orb.
     0 | D:1      | Reached XP level 1. HP: 12/12 MP: 3/3
     0 | D:1      | 0 ||| qw: Version: 0.3-a-157-g843a77d
     0 | D:1      | 0 ||| qw: Game counter: 3557
     0 | D:1      | 0 ||| qw: Melee chars always use a shield: true
     0 | D:1      | 0 ||| qw: God list: Okawaru
     0 | D:1      | 0 ||| qw: Allow faded altars: false
     0 | D:1      | 0 ||| qw: Do Orc after clearing Dungeon:15 true
     0 | D:1      | 0 ||| qw: Do second Lair branch before Depths: true
     0 | D:1      | 0 ||| qw: Lair rune preference: random
     0 | D:1      | 0 ||| qw: Goals: Normal
     0 | D:1      | 0 ||| PLANNING D:1-11
   172 | D:1      | Reached XP level 2. HP: 16/16 MP: 4/4
   179 | D:1      | Reached skill level 6 in Ranged Weapons
   474 | D:1      | Found a transporter.
   474 | D:1      | Found Joet's Magic Scroll Shop.
   531 | D:1      | Found a transporter.
   879 | D:1      | 879 ||| DROPPING amulet of magic regeneration.
   880 | D:1      | 880 ||| DROPPING +6 ring of intelligence.
   881 | D:1      | 881 ||| READING scroll labelled POMUSM NIPLO.
   881 | D:1      | 881 ||| IDENTIFYING glowing black potion
   882 | D:1      | 882 ||| READING scroll labelled VOHERGH RUGHUH.
   882 | D:1      | 882 ||| ENCHANTING +0 shortbow.
   883 | D:1      | 883 ||| DROPPING scroll of butterflies.
   884 | D:1      | 884 ||| DROPPING potion of invisibility.
  1158 | D:2      | Reached XP level 3. HP: 20/20 MP: 5/5
  1375 | D:2      | Reached skill level 7 in Ranged Weapons
  1395 | D:2      | Reached XP level 4. HP: 24/25 MP: 6/6
  1754 | D:2      | 1754 ||| READING 2 scrolls of identify.
  1754 | D:2      | 1754 ||| IDENTIFYING viscous emerald potion
  1755 | D:2      | 1755 ||| READING scroll of identify.
  1755 | D:2      | 1755 ||| IDENTIFYING fuming cyan potion
  1756 | D:2      | 1756 ||| READING 2 scrolls labelled UCKUOL SOUV.
  1759 | D:2      | 1759 ||| READING scroll labelled JOVU GUOBIR.
  1759 | D:2      | 1759 ||| ENCHANTING +0 shortbow.
  1760 | D:2      | 1760 ||| DRINKING 2 murky purple potions.
  1761 | D:2      | 1761 ||| DROPPING potion of brilliance.
  1798 | D:3      | Slain by a gnoll

Levels and vault maps discovered:
D:1:      elethiomel_arrival_quiet, layout_basic, serial_shops,
          nicolae_shop_drivethru
D:2:      layout_loops_corners
D:3:      layout_basic, uniq_natasha

Skill      XL: |  1  2  3 |
---------------+----------+-----
Ranged Weapons | 6 7 |  7.6
Fighting       | |  1.5
Dodging        | |  2.4
Stealth        | |  1.2

Action                     |  1- 3 |  4- 6 || total
---------------------------+-------+-------++-------
   Fire: Shortbow          |    83 |    13 ||    96
    Use: Scroll            |     2 |     4 ||     6
         Potion            |       |     1 ||     1
 Armour: Leather armour    |    10 |     3 ||    13
  Dodge: Dodged            |    14 |     3 ||    17

Table legend:
 A = Non-vault XP
 B = Vault XP
 C = Vault XP percentage of total XP
 D = Non-vault monster count
 E = Vault monster count
 F = Vault count percentage of total count
                 A         B        C        D         E       F
            +---------+---------+-------+---------+---------+-------
      Total |     130 |       0 |   0.0 |      41 |       0 |   0.0
            +---------+---------+-------+---------+---------+-------
        D:1 |      32 |       0 |   0.0 |      21 |       0 |   0.0
        D:2 |      82 |       0 |   0.0 |      18 |       0 |   0.0
        D:3 |      16 |       0 |   0.0 |       2 |       0 |   0.0
            +---------+---------+-------+---------+---------+-------
